 Dungeon Crawl Stone Soup version 0.29.0-15-g675c0067aa (webtiles) character file.

Game seed: 4603707594733763917

2 qw the Sneak (level 1, -2/14 HPs)
             Began as a Gargoyle Delver on Sept 11, 2022.
             Slain by a white imp (5 damage)
             ... on level 4 of the Dungeon.
             The game lasted 00:00:02 (165 turns).

qw the Sneak (Gargoyle Delver)                       Turns: 165, Time: 00:00:03

Health: -2/14      AC:  5    Str: 15    XL:     1   Next: 40%
Magic:  1/1        EV: 15    Int: 10    God:
Gold:   0          SH:  0    Dex: 11    Spells: 0/0 levels left

rFire   . . .      SeeInvis .   Y - +0 hand axe
rCold   . . .      Faith    .   (no shield)
rNeg    + . .      Spirit   .   b - +0 leather armour
rPois   inf        Reflect  .   (no helmet)
rElec   +          Harm     .   (no cloak)
rCorr   .          Rampage  .   (no gloves)
Will    .....                   (no boots)
Stlth   +++.......              (no amulet)
HPRegen 0.04/turn               i - +4 ring of evasion
MPRegen 0.07/turn               (no ring)

@: no status effects
A: sickness immunity, AC +2, negative energy resistance 1, electricity
resistance, torment resistance 1, petrification resistance
a: no special abilities


You were on level 4 of the Dungeon.
You visited 1 branch of the dungeon, and saw 2 of its levels.


Innate Abilities, Weirdness & Mutations

You are immune to sickness and miasma.
Your stone body is resilient. (AC +2)
You are immune to poison.
You resist negative energy. (rN+)
You are resistant to electric shocks. (rElec)
You are resistant to unholy torment.
You are immune to petrification.


   Skills:
 - Level 3.2 Fighting
 + Level 2.0 Axes
 - Level 1.5 Dodging
 - Level 5.4 Stealth


You couldn't memorise any spells.
You didn't know any spells.
Your spell library was empty.

Inventory:

Hand Weapons
 Y - a +0 hand axe (weapon)
Armour
 b - a +0 leather armour (worn)
Jewellery
 i - a +4 ring of evasion (left hand)
Wands
 g - a wand of digging (3)
Potions
 f - a potion of haste

Dungeon Overview and Level Annotations

Branches:
Dungeon (5/15)
 Temple: D:4-7

Altars:
Wu Jian

Annotations:
D:4 Eustachio


Message History

The hobgoblin hits you but does no damage.
The hobgoblin barely misses you. The white imp barely misses you.
The hobgoblin barely misses you. The hobgoblin closely misses you.
The hobgoblin hits you but does no damage.
The white imp closely misses you. The hobgoblin hits you.
You hit the hobgoblin.
You kill the hobgoblin!
You hit the hobgoblin. You hit the white imp but do no damage.
You closely miss the hobgoblin. The hobgoblin misses you.
The hobgoblin barely misses you.
The white imp lashes its tail.
The white imp barely misses you.
Eustachio mumbles some strange words.
The adder bites you but does no damage.
You hit the hobgoblin but do no damage. Your punch misses the hobgoblin.
The hobgoblin is almost dead.
You barely miss the adder. You barely miss the white imp.
You barely miss the hobgoblin. The hobgoblin closely misses you.
The adder closely misses you. The hobgoblin misses you.
The white imp barely misses you.
You barely miss the hobgoblin.
The hobgoblin is almost dead.
You hit the white imp but do no damage. You closely miss the hobgoblin.
You barely miss the adder. The adder barely misses you.
The hobgoblin barely misses you. x2
The white imp barely misses you. The adder bites you but does no damage.
You hit the hobgoblin.
You kill the hobgoblin!
You hit the white imp but do no damage. You hit the hobgoblin.
You barely miss the adder. The hobgoblin barely misses you.
The white imp gestures at you. The puff of frost hits you.
The adder barely misses you.
Your Axes skill increases to level 2!
You hit the hobgoblin.
You kill the hobgoblin!
You hit the adder. You hit the white imp.
The adder bites you but does no damage. The white imp hits you.
The white imp freezes you.
You die...

##########
#>........ .
#.........
..####....5....
.....?...@.....
......%5%......
......S@..$....
.......>.......
#+####....<....
#.........
#########+


You could see Eustachio, an adder, a white imp and a shadow imp (summoned).

Vanquished Creatures
  3 hobgoblins (D:4)
3 creatures vanquished.

Notes
Turn   | Place    | Note
-------+----------+-------------------------------------------
     0 | D:5      | qw the Gargoyle Delver began the quest for the Orb.
     0 | D:5      | Reached XP level 1. HP: 14/14 MP: 1/1
     0 | D:5      | 0 ||| qw: Version: 0.1-a-118-gb4e7ce6
     0 | D:5      | 0 ||| qw: Game counter: 10432
     0 | D:5      | 0 ||| qw: Always use a shield: true
     0 | D:5      | 0 ||| qw: God list: Okawaru
     0 | D:5      | 0 ||| qw: Allow faded altars: false
     0 | D:5      | 0 ||| qw: Do Orc after D:15 true
     0 | D:5      | 0 ||| qw: Do second Lair branch before Depths: true
     0 | D:5      | 0 ||| qw: Lair rune preference: random
     0 | D:5      | 0 ||| qw: Plans: Normal
     0 | D:5      | 0 ||| PLANNING D:1-11
    63 | D:5      | 63 ||| UPGRADING to +4 ring of evasion.
    64 | D:5      | 64 ||| READING scroll labelled RAIBLE VETI.
    69 | D:5      | 69 ||| READING scroll labelled FUMOMI COTUAW.
    70 | D:5      | 70 ||| DROPPING scroll of fog.
    71 | D:5      | 71 ||| DROPPING scroll of magic mapping.
    72 | D:5      | 72 ||| DROPPING scroll of fear.
   136 | D:5      | Found an ornate altar of the Wu Jian Council.
   159 | D:4      | Noticed Eustachio
   165 | D:4      | HP: 3/14 [white imp (1)]
   165 | D:4      | Slain by a white imp

Levels and vault maps discovered:
D:4:      layout_basic, uniq_robin, uniq_ijyb, uniq_menkaure, uniq_eustachio
D:5:      layout_gridville, nzn_wu_jian_contemplation,
          overflow_temple_1_default, mainiacjoe_overflow_surrounded_room

Skill      XL: |  1 |
---------------+----+-----
Axes           | 2 |  2.0
Fighting       | |  3.2
Dodging        | |  1.5
Stealth        | |  5.4

Action                   || total
-------------------------++-------
Melee: Hand axe          ||    10
  Use: Scroll            ||     2
Armor: Leather armour    ||     6
Dodge: Dodged            ||    26

Table legend:
 A = Non-vault XP
 B = Vault XP
 C = Vault XP percentage of total XP
 D = Non-vault monster count
 E = Vault monster count
 F = Vault count percentage of total count
                 A         B        C        D         E       F
            +---------+---------+-------+---------+---------+-------
      Total |       6 |       0 |   0.0 |       3 |       0 |   0.0
            +---------+---------+-------+---------+---------+-------
        D:4 |       6 |       0 |   0.0 |       3 |       0 |   0.0
            +---------+---------+-------+---------+---------+-------
